AoeStats
← ryu

Glade

510710522Analyzed
1v1 RM · 1d ago on Oct 2, 2026· 15m 46s· 2 players
Game mode
Random Map
Map size
Tiny (2 player)
Population
200
Speed
Normal
Resources
Standard
Victory
Conquest
Starting age
Dark Age
Ending age
Imperial Age
RankedLock teamsTeams togetherTeam positionsShared explorationLock speedFull tech treeHidden civsTurbo modeCheats
Victory
Defeat
🇨🇳 Mongols · China
1358
+15
🇺🇸 Japanese · United States
1326
-15
ryu
6:52 Loom
8:58 Feudal Age
9:10 Man-at-Arms
10:09 Arson
11:37 Double-Bit Axe
14:05 Loom
Chinggis Khan
10:03 Feudal Age
10:07 Loom
15:41 Castle Age
14:06 Double-Bit Axe
15:52 Stone Mining
Connection lost

Rejoining the realm…

Still unreachable

The connection could not be restored.

Session expired

The server has moved on; the page needs a fresh start.